Map: Iron Fortress LE (Void)

Players

QwertyMaster

  • Race: Terran Terran

Manderda - Winner!

  • Race: Zerg Zerg

VOD

Have the link to the VOD?

Description

Time

  • Played on: May 7, 2015, 11:28 a.m.
  • Length: 10:04
Show
View Real Time Build Order
Export as new Build Order

QwertyMaster Terran 

Build Orders: Siege Tank Drop 

Get SALT Encoding   

  12  0:01  SCV  
  13  0:13  SCV  
  14  0:18  Supply Depot  
  14  0:25  SCV  
  15  0:40  SCV  
  15  0:41  Barracks  
  16  0:45  Refinery  
  16  0:52  SCV  
  17  1:04  SCV  
  18  1:16  SCV  
  19  1:28  SCV  
  19  1:29  Supply Depot  
  20  1:39  Barracks Reactor  
  20  1:42  Command Center  
  20  1:43  SCV  
  21  1:58  Orbital Command  
  21  2:02  Refinery  
  21  2:10  Factory  
  21  2:15  Marine  
  21  2:17  Marine  
  23  2:23  SCV  
  24  2:35  SCV, Marine x2  
  27  2:47  SCV  
  27  2:50  Supply Depot  
  28  2:52  Marine  
  28  2:53  Marine  
  28  2:54  Orbital Command  
  30  3:00  SCV  
  30  3:05  Starport  
  31  3:07  Factory Tech Lab  
  31  3:12  SCV, Marine  
  33  3:15  Marine  
  34  3:20  SCV  
  34  3:24  SCV  
  34  3:27  Infernal Pre-Igniter  
  36  3:32  SCV  
  37  3:34  Marine x2  
  37  3:36  SCV  
  37  3:41  Supply Depot  
  40  3:45  SCV  
  40  3:47  Medivac  
  43  3:48  SCV  
  43  3:53  Marine x2  
  46  3:58  SCV  
  46  4:01  SCV  
  48  4:04  Factory  
  48  4:10  SCV, Siege Tank  
  48  4:13  Marine x2  
  48  4:14  SCV  
  55  4:21  Refinery  
  55  4:22  SCV  
  56  4:26  SCV  
  56  4:29  Supply Depot  
  56  4:31  Starport Reactor  
  57  4:33  Marine x2  
  57  4:34  SCV  
  57  4:35  Refinery  
  57  4:37  Supply Depot  
  57  4:38  SCV  
  61  4:46  SCV  
  61  4:50  Siege Tank, Barracks  
  64  4:56  Supply Depot, SCV  
  65  5:02  Factory Reactor  
  65  5:03  SCV  
  65  5:04  Marine x2  
  68  5:09  SCV  
  69  5:15  SCV  
  70  5:21  SCV  
  70  5:28  Medivac x2  
  73  5:30  Command Center  
  73  5:32  SCV  
  73  5:33  Stimpack  
  76  5:36  Hellion  
  76  5:37  SCV  
  79  5:47  SCV  
  79  5:48  Marine  
  81  5:50  Barracks Reactor  
  81  5:51  SCV  
  81  5:52  Barracks  
  81  5:55  Missile Turret  
  81  5:56  Hellion x2  
  86  5:58  Missile Turret  
  86  6:01  Supply Depot  
  86  6:04  SCV x2  
  86  6:05  Hellion  
  90  6:14  Marauder  
  90  6:16  SCV  
  90  6:17  SCV  
  94  6:19  Supply Depot  
  94  6:22  Viking x2  
  94  6:25  Supply Depot  
  98  6:30  SCV  
  98  6:31  Marine x2  
  101  6:39  Barracks Reactor  
  101  6:41  Hellion  
  101  6:42  Supply Depot, SCV  
  101  6:44  Hellion  
  101  6:45  Supply Depot  
  92  7:13  Missile Turret  
  92  7:14  Marine x2  
  92  7:15  Marauder  
  96  7:21  SCV  
  97  7:29  Marine x2  
  98  7:30  Supply Depot  
  98  7:31  Supply Depot, Hellion x2  
  98  7:32  Hellion x2, Viking x2  
  98  7:36  Marauder  
  112  7:40  Marine  
  112  7:41  Marine  
  114  7:53  Hellion x2  
  114  7:54  Missile Turret, Orbital Command  
  114  7:58  Marauder  
  120  8:02  Marine x2  
  126  8:05  Hellion x2  
  126  8:14  Hellion  
  126  8:19  Marauder  
  125  8:29  Marine x2  
  125  8:31  Hellion x3, Viking  
  135  8:38  Engineering Bay  
  135  8:40  Armory, Engineering Bay, Marauder  
  137  8:46  SCV  
  137  8:48  Marine x2  
  140  9:01  SCV x3  
  140  9:02  Marauder  
  145  9:07  Command Center, Barracks Reactor x2  
  145  9:09  Starport Reactor  
  145  9:16  SCV x2  
  147  9:23  Hellion x2  
  151  9:27  SCV  
  151  9:28  Hellion x2  
  156  9:35  Missile Turret  
Show
View Real Time Build Order
Export as new Build Order

Manderda Zerg - Winner!

Build Orders: Hatch First 

Get SALT Encoding   

  12  0:08  Overlord  
  12  0:13  Drone  
  13  0:17  Drone  
  14  0:27  Drone  
  15  0:29  Drone  
  16  0:40  Drone  
  17  0:52  Drone  
  18  1:00  Hatchery  
  18  1:02  Drone  
  18  1:12  Drone  
  19  1:24  Drone  
  19  1:25  Spawning Pool  
  19  1:39  Overlord  
  19  1:46  Drone  
  20  1:57  Drone  
  21  2:07  Drone  
  22  2:12  Queen  
  22  2:14  Spine Crawler  
  22  2:15  Drone, Queen  
  24  2:18  Overlord  
  24  2:22  Drone  
  27  2:30  Drone  
  27  2:35  Overlord  
  28  2:40  Drone  
  29  2:47  Queen  
  29  2:51  Queen  
  31  2:54  Drone x2  
  31  2:58  Overlord  
  35  3:02  Drone  
  36  3:06  Drone  
  36  3:12  Zergling x2  
  38  3:16  Drone  
  39  3:25  Drone x8  
  47  3:30  Extractor x3  
  47  3:31  Extractor  
  47  3:32  Drone x2  
  45  3:41  Drone  
  45  3:42  Drone  
  47  3:50  Drone  
  48  4:00  Drone x5  
  48  4:01  Drone x3  
  56  4:08  Overlord  
  55  4:16  Lair  
  55  4:17  Evolution Chamber  
  55  4:19  Drone, Roach Warren  
  55  4:22  Overlord x2  
  54  4:35  Overlord x2  
  54  4:37  Zergling x4  
  56  4:47  Evolution Chamber  
  56  4:48  Zerg Missile Weapons Level 1  
  55  5:05  Hatchery  
  54  5:15  Glial Reconstitution  
  54  5:16  Zerg Ground Armor Level 1  
  54  5:22  Roach  
  54  5:23  Infestation Pit, Roach x13  
  80  5:42  Burrow  
  80  5:55  Hydralisk Den  
  79  5:57  Drone x2  
  79  6:03  Drone x8  
  89  6:12  Hatchery  
  97  6:36  Muscular Augments  
  97  6:38  Roach  
  97  6:39  Roach x9  
  105  6:41  Overlord x2  
  105  6:44  Extractor x2  
  105  6:45  Spore Crawler  
  76  7:12  Hydralisk  
  76  7:13  Hydralisk x8  
  94  7:20  Queen  
  94  7:21  Drone  
  97  7:26  Roach  
  97  7:27  Roach x3  
  105  7:33  Drone x3  
  108  7:40  Zerg Missile Weapons Level 2  
  108  7:48  Drone x3  
  108  7:49  Drone x2  
  113  8:08  Roach x6  
  113  8:11  Ravager x3  
  128  8:19  Lurker Den  
  128  8:29  Overlord x5  
  128  8:39  Extractor x2  
  126  9:17  Hydralisk x7  
  126  9:20  Roach x7  
  126  9:21  Roach x6  
  166  9:29  Drone x2  
  168  9:33  Overlord  
Tags
 
Add a new tag
Caveats
  • Supply blocks, unpowered buildings, or Contaminate may cause inaccurate times.
  • Supply counts are checked every 10 seconds.